 Dungeon Crawl Stone Soup version 0.30-a0-702-gdf48620a09 (webtiles) character file.

Game seed: 2120690490626571538

33 Citaku the Covered (level 3, -1/33 HPs)
             Began as a Minotaur Fighter on Jan 21, 2023.
             Constricted to death by Ijyb (5 damage)
             ... on level 3 of the Dungeon.
             The game lasted 00:01:58 (1705 turns).

Citaku the Covered (Minotaur Fighter)               Turns: 1705, Time: 00:01:59

Health: -1/33      AC:  7    Str: 22    XL:     3   Next: 12%
Magic:  2/2        EV:  6    Int:  5    God:
Gold:   79         SH:  4    Dex:  9    Spells: 2/2 levels left

rFire   . . .      SeeInvis .    a - +0 war axe
rCold   . . .      Faith    .    c - +0 buckler
rNeg    . . .      Spirit   .    b - +0 scale mail
rPois   .          Reflect  .    (helmet restricted)
rElec   .          Harm     .    (no cloak)
rCorr   .          Rampage  .    (no gloves)
Will    .....                    (no boots) Stlth
                                 (no amulet)
HPRegen 0.25/turn                (no ring)
MPRegen 0.08/turn                (no ring)

@: lethally poisoned (-1 -> -2), grasped by roots, constricted
A: horns 2, retaliatory headbutt
a: no special abilities


You were on level 3 of the Dungeon.
You visited 1 branch of the dungeon, and saw 3 of its levels.

You collected 79 gold pieces.

Inventory:

Hand Weapons
 a - a +0 war axe (weapon)
Armour
 b - a +0 scale mail (worn)
 c - a +0 buckler (worn)
Scrolls
 e - a scroll of blinking {unknown}
 f - 2 scrolls of teleportation {unknown}
 g - 3 scrolls of enchant weapon {unknown}
 h - a scroll of identify {unknown}
 i - 2 scrolls of fear {unknown}
Potions
 d - a potion of might
 j - a potion of attraction {unknown}


   Skills:
 + Level 3.9 Fighting
 * Level 3.1 Axes
 * Level 4.2 Armour
 + Level 3.9 Shields


You had 2 spell levels left.
You didn't know any spells.
Your spell library was empty.

Dungeon Overview and Level Annotations

Branches:
Dungeon (3/15)

Altars:

Shops:
D:2 [

Annotations:
D:3 Ijyb


Innate Abilities, Weirdness & Mutations

You have a pair of horns on your head.
You reflexively headbutt those who attack you in melee.


Message History

You are too injured to fight recklessly!
You are too injured to fight recklessly!
You are too injured to fight recklessly!
You are too injured to fight recklessly!
You are too injured to fight recklessly!
You are too injured to fight recklessly!
You are too injured to fight recklessly!
You are too injured to fight recklessly!
You are too injured to fight recklessly!
You are too injured to fight recklessly!
You are too injured to fight recklessly!
You are too injured to fight recklessly!
You are too injured to fight recklessly!
You are too injured to fight recklessly!
You are too injured to fight recklessly!
You are too injured to fight recklessly!
You are too injured to fight recklessly!
You are too injured to fight recklessly!
You are too injured to fight recklessly!
You are too injured to fight recklessly!
You are too injured to fight recklessly!
You are too injured to fight recklessly!
You are too injured to fight recklessly!
You are too injured to fight recklessly!
You are too injured to fight recklessly!
You are too injured to fight recklessly!
You hit Ijyb.
Ijyb is lightly wounded.
You barely miss the adder.
You feel sick. The adder bites you but does no damage.
Ijyb hits you but does no damage. The grasping roots constrict you.
* * * LOW HITPOINT WARNING * * *
The grasping roots release their grip on you.
You hit Ijyb.
Ijyb is lightly wounded.
You slash the adder!
You feel sick. The adder bites you but does no damage.
Ijyb zaps a wand.
The roots erupt in riotous growth!
The grasping roots grab you!
Ijyb is unaffected.
The adder is unaffected.
The grasping roots constrict you.
You die...

.....#........+...#.
.....(..<.....#.....
..................#
..................#
...w..............#
..........†.......#
.........##...#+#.#
.........##.....# ######
.......@.###....# #.....
......gS.# #....# #.###.
.........# #....# #.....
.........###....#######.
.........##.............
.........##....####....#
###########.......#....#
#....##.#..†..
#.)..##.#...†.


You could see Ijyb, a worm and an adder.

Vanquished Creatures
  3 bats (D:1)
  2 endoplasms (D:2)
  2 giant cockroaches
  A goblin (D:2)
  5 hobgoblins
  4 jackals (D:3)
  3 kobolds (D:2)
  2 ball pythons (D:2)
  3 frilled lizards
  5 rats
30 creatures vanquished.

Notes
Turn   | Place    | Note
-------+----------+-------------------------------------------
     0 | D:1      | Citaku the Minotaur Fighter began the quest for the Orb.
     0 | D:1      | Reached XP level 1. HP: 19/19 MP: 0/0
   270 | D:1      | Found a faded altar of an unknown god.
   406 | D:1      | Reached XP level 2. HP: 27/27 MP: 1/1
   905 | D:2      | Reached skill level 4 in Armour
  1139 | D:2      | Identified the +6 sling of Bulaihit {speed, rElec}
  1148 | D:2      | Found Naotef's Armour Shop.
  1390 | D:2      | Identified the +1 robe "Ifaijulo" {Dex-4 SInv Archmagi}
  1640 | D:3      | Reached XP level 3. HP: 31/33 MP: 2/2
  1699 | D:3      | Noticed Ijyb
  1705 | D:3      | Constricted to death by Ijyb

Illustrated notes

Levels and vault maps discovered:
D:1:      spicycebolla_arrival_xxxplode, layout_basic,
          ebering_ecumenical_altar_mist, nrook_mini_backslash,
          minmay_misc_feat_diagonals
D:2:      layout_basic, serial_shops, shop
D:3:      layout_basic, minivault_14, uniq_ijyb, uniq_terence

Skill      XL: |  1  2 |
---------------+-------+-----
Armour         | 4 |  4.2
Axes           | 3 |  3.1
Fighting       | |  3.9
Shields        | |  3.9

Action                   || total
-------------------------++-------
Melee: War axe           ||    62
       Headbutt          ||     7
Armor: Scale mail        ||    28
Dodge: Dodged            ||    31
Block: Buckler           ||    14

Table legend: (Time is in decaauts)
 A = Elapsed time spent in this place.
 B = Non-inter-level travel time spent in this place.
 C = Inter-level travel time spent in this place.
 D = Time resting spent in this place.
 E = Time spent auto-exploring this place.
 F = Levels seen in this place.
 G = Mean time per level.
                   A        B        C        D        E       F      G
               +--------+--------+--------+--------+--------+-----+--------+
         Total |   1728 |   1653 |     75 |      0 |   1462 |   3 |  576.0 |
       Dungeon |   1728 |   1653 |     75 |      0 |   1462 |   3 |  576.0 |
               +--------+--------+--------+--------+--------+-----+--------+

Top non-repeatable levels by time:
     D:1: 903 daAuts
     D:2: 749 daAuts
     D:3: 76 daAuts
